[Event "Thursday 05 April Rapid Engine Tour 12+1 Rounds 9 Starts 1600ST"]
[Site "Infinity Chess"]
[Date "2018.4.5"]
[Round "4"]
[White "xeonrocks"]
[Black "CrapCleaner"]
[Result "1-0"]
[ECO "C58"]
[WhiteElo "2546"]
[BlackElo "2440"]
[WhiteEngine "Stockfish_x64_bmi2_CTG"]
[BlackEngine "Raubfisch ME262_GTZ16e2_CTG"]
[EventType "Swiss"]
[WhiteTeam ""]
[BlackTeam ""]
[PlyCount "181"]
[TimeControl "720+1"]

1. e4 e5 2. Nf3 Nc6 3. Bc4 Nf6 4. Ng5 d5 5. exd5 Na5 6. Bb5+ c6 7. dxc6 bxc6 
8. Be2 h6 9. Nh3 Bd6 10. d3 O-O 11. Nc3 Rb8 12. Ng1 Nd5 13. Nf3 Nxc3 14. bxc3 c5 
15. O-O f5 16. g3 Be6 17. Nd2 c4 18. d4 e4 19. Re1 Qc7 20. Nf1 Rf6 21. d5 Bf7 
22. Be3 Be5 23. Bd4 f4 24. Bh5 Bxd5 25. gxf4 Bxd4 26. Qxd4 Rd8 27. Rad1 Rxf4 
28. Qe3 Rf5 29. Ng3 Rg5 30. h4 Re5 31. f4 Re6 32. Bg4 Ree8 33. Kh2 Kh8 
34. Kh3 Rf8 35. Nxe4 Nb7 36. Rd4 Qxf4 37. Qxf4 Rxf4 38. Kg3 Rff8 39. a4 Rfe8 
40. Bf3 g6 41. a5 Bc6 42. a6 Rxd4 43. cxd4 Nd8 44. Re2 Bxe4 45. Bxe4 Kg7 
46. Kf3 Kf6 47. Ke3 Nf7 48. Kd2 Nd6 49. Rf2+ Kg7 50. Bd5 Rf8 51. Re2 Rf5 
52. Bc6 g5 53. Kc3 gxh4 54. Kb4 Kg6 55. Bd7 Rf4 56. c3 Re4 57. Rh2 Rf4 
58. Bc6 Kh5 59. Kc5 Rf6 60. Rh1 Nf5 61. d5 Kg5 62. Rf1 Kg4 63. Rd1 Nd6 
64. Bd7+ Kf4 65. Kd4 h5 66. Rf1+ Kg5 67. Rg1+ Kf4 68. Be6 Ne8 69. Re1 Kg3 
70. Kxc4 Nc7 71. Kd4 Nxa6 72. Rg1+ Kh2 73. Rg5 Rf4+ 74. Ke3 Rc4 75. Kd3 Rc5 
76. Kd4 Ra5 77. Rxh5 Kg3 78. Rg5+ Kf2 79. Rf5+ Kg3 80. d6 Ra4+ 81. Ke3 Nb8 
82. Rg5+ Kh2 83. c4 Ra1 84. Kf2 Ra2+ 85. Kf3 Ra3+ 86. Kf4 Ra1 87. Rh5 Rf1+ 
88. Kg4 Kg1 89. Rxh4 Rd1 90. Kf3 Rb1 91. c5 1-0

[Event "Thursday 05 April Rapid Engine Tour 12+1 Rounds 9 Starts 1600ST"]
[Site "Infinity Chess"]
[Date "2018.4.5"]
[Round "3"]
[White "MCDermont"]
[Black "RonWeasley"]
[Result "1/2-1/2"]
[ECO "E20"]
[WhiteElo "2502"]
[BlackElo "2464"]
[WhiteEngine "BrainFish 010418 WM_CTG"]
[BlackEngine "BrainFish 010418 WM_CTG"]
[EventType "Swiss"]
[WhiteTeam ""]
[BlackTeam ""]
[PlyCount "128"]
[TimeControl "720+1"]

1. d4 Nf6 2. c4 e6 3. Nc3 d5 4. Nf3 c6 5. Bg5 h6 6. Bxf6 Qxf6 7. e3 Nd7 
8. Be2 g6 9. O-O Be7 10. Nd2 O-O 11. f4 Qg7 12. Rc1 Rd8 13. Kh1 dxc4 
14. Nxc4 Nb6 15. Ne5 c5 16. Re1 cxd4 17. exd4 Rb8 18. Bf3 Bd7 19. Qb3 Bd6 
20. Qc2 Be8 21. Qf2 h5 22. Rcd1 Qf6 23. Qg3 Be7 24. d5 exd5 25. Bxd5 Kg7 
26. a3 Qf5 27. Be4 Qf6 28. Bd5 Qf5 29. Nxg6 Qxg6 30. Rxe7 Nxd5 31. Rxd5 Qxg3 
32. hxg3 Rxd5 33. Nxd5 Rd8 34. Re2 Rxd5 35. Rxe8 Rd2 36. Re5 Rxb2 37. Rxh5 b6 
38. g4 Rf2 39. g3 Rf3 40. Rg5+ Kf6 41. Rf5+ Ke7 42. Kg2 Rxa3 43. Rh5 Rd3 
44. g5 Kf8 45. Rh8+ Ke7 46. g4 a5 47. f5 Rd8 48. Rh7 Kf8 49. Rh8+ Ke7 
50. Rh1 Rg8 51. Rh6 a4 52. Rxb6 Ra8 53. Rb2 a3 54. Re2+ Kd6 55. Ra2 Ke5 
56. Kf3 Ra7 57. Re2+ Kd5 58. Ra2 Kd4 59. g6 fxg6 60. fxg6 Ke5 61. g7 Rxg7 
62. Rxa3 Rf7+ 63. Ke2 Kf6 64. g5+ Kf5 1/2-1/2

[Event "Thursday 05 April Rapid Engine Tour 12+1 Rounds 9 Starts 1600ST"]
[Site "Infinity Chess"]
[Date "2018.4.5"]
[Round "3"]
[White "koalachess"]
[Black "Vimtiroba"]
[Result "1/2-1/2"]
[ECO "C53"]
[WhiteElo "2253"]
[BlackElo "2406"]
[WhiteEngine "asmFishW_2017-11-19_popcnt_CTG"]
[BlackEngine "SF9 ''M24''_CTG"]
[EventType "Swiss"]
[WhiteTeam ""]
[BlackTeam ""]
[PlyCount "110"]
[TimeControl "720+1"]

1. e4 e5 2. Nf3 Nc6 3. Bc4 Bc5 4. c3 Nf6 5. d4 exd4 6. cxd4 Bb4+ 7. Bd2 Bxd2+ 
8. Nbxd2 d5 9. exd5 Nxd5 10. O-O O-O 11. Rc1 Re8 12. Re1 Rxe1+ 13. Qxe1 Nce7 
14. Ne4 c6 15. Ne5 Bf5 16. Bb3 f6 17. Nc4 Rb8 18. Nc5 b6 19. Na6 Rc8 20. Ne3 Kf8 
21. Bxd5 cxd5 22. Nb4 Rxc1 23. Qxc1 Be6 24. a3 Qd6 25. g3 a5 26. Na2 Nf5 
27. Nxf5 Bxf5 28. Nc3 Qe6 29. Qe3 Kf7 30. Qxe6+ Kxe6 31. Kg2 h5 32. Nd1 g5 
33. f3 Bc2 34. Ne3 Bf5 35. Kf2 Bd3 36. Ng2 Kd6 37. Ne3 Ke6 38. Ke1 Kd6 
39. Kd2 Bg6 40. Ke2 Ke6 41. Ke1 Bd3 42. Kd2 Bf5 43. Ke2 Bg6 44. Ke1 Bd3 
45. Kd2 Bh7 46. Ng2 Bg6 47. Ke2 Be8 48. Kd3 Kd7 49. Ne3 Bg6+ 50. Kd2 Kd6 
51. Ng2 Ke6 52. Kd1 Kd6 53. Ke1 Bf5 54. Ne3 Bd3 55. Kd2 Bg6 1/2-1/2

[Event "Thursday 05 April Rapid Engine Tour 12+1 Rounds 9 Starts 1600ST"]
[Site "Infinity Chess"]
[Date "2018.4.5"]
[Round "3"]
[White "angriff"]
[Black "KQRBNP"]
[Result "1/2-1/2 "]
[ECO "B90"]
[WhiteElo "2379"]
[BlackElo "2411"]
[WhiteEngine "DracoREX 3.07 64BIT POPCNT_CTG"]
[BlackEngine "Eman 1.70-beta15 64-bit POPCNT"]
[EventType "Swiss"]
[WhiteTeam ""]
[BlackTeam ""]
[PlyCount "148"]
[TimeControl "720+1"]

1. e4 c5 2. Nf3 d6 3. d4 cxd4 4. Nxd4 Nf6 5. Nc3 a6 6. Be3 e5 7. Nb3 Be6 
8. f3 Be7 9. Qd2 Nbd7 10. g4 O-O 11. O-O-O b5 12. g5 Nh5 13. Nd5 Bxd5 
14. exd5 f6 15. gxf6 Bxf6 16. Na5 Qe8 17. Qb4 Bd8 18. Nb7 Rxf3 19. Nxd6 Qe7 
20. Bd2 Rf4 21. c4 Bb6 22. Nb7 Qxb4 23. Bxb4 Nhf6 24. Bd2 Rd4 25. Bh3 Rxc4+ 
26. Kb1 Rd4 27. Bc3 Rxd1+ 28. Rxd1 h5 29. Be6+ Kh7 30. Nd6 Be3 31. h4 Bf2 
32. Be1 Bd4 33. Nf7 Kg6 34. Ng5 Be3 35. Bf7+ Kh6 36. Ne6 Rc8 37. d6 Ne4 
38. Nc7 Rd8 39. Be6 Bf2 40. Ba5 Nf8 41. Bf5 Rxd6 42. Nd5 Ng3 43. Bd2+ g5 
44. Bxg5+ Kg7 45. Bc2 Kf7 46. Rd2 Be1 47. Rd3 e4 48. Rd1 Ne6 49. Be3 Nf5 
50. Ba7 Bxh4 51. Bxe4 Ng3 52. Bf3 Kg7 53. Bb8 Rd8 54. Bxg3 Bxg3 55. Bxh5 Nc7 
56. Nxc7 Rxd1+ 57. Bxd1 Bxc7 58. Kc2 Kf6 59. Bf3 a5 60. Kd3 Be5 61. b3 b4 
62. Bg4 Kg5 63. Bh3 Kf4 64. Be6 Bd6 65. Bh3 Ke5 66. Kc4 Bc7 67. Bg2 Kd6 
68. Kd4 Bd8 69. Bf3 a4 70. bxa4 b3 71. axb3 Bf6+ 72. Kc4 Kc7 73. a5 Be7 
74. b4 Kb8 1/2-1/2

[Event "Thursday 05 April Rapid Engine Tour 12+1 Rounds 9 Starts 1600ST"]
[Site "Infinity Chess"]
[Date "2018.4.5"]
[Round "3"]
[White "CrapCleaner"]
[Black "star99"]
[Result "1-0"]
[ECO "B32"]
[WhiteElo "2425"]
[BlackElo "2406"]
[WhiteEngine "Raubfisch ME262_GTZ16e2_CTG"]
[BlackEngine "Cryptic Heroes 9.3B"]
[EventType "Swiss"]
[WhiteTeam ""]
[BlackTeam ""]
[PlyCount "133"]
[TimeControl "720+1"]

1. e4 c5 2. Nf3 Nc6 3. d4 cxd4 4. Nxd4 e5 5. Nb5 Nf6 6. N1c3 d6 7. Nd5 Nxd5 
8. exd5 Nb8 9. a4 Be7 10. Be2 O-O 11. O-O Nd7 12. Bd2 Nf6 13. Be3 a6 14. Na3 Rb8 
15. b4 b6 16. Nc4 Qc7 17. a5 bxa5 18. bxa5 Ne4 19. Qd3 f5 20. f3 Nf6 21. Nb6 e4 
22. Qc4 Qxc4 23. Bxc4 Bb7 24. Rae1 Rf7 25. Bb3 Bf8 26. c4 exf3 27. gxf3 f4 
28. Bd4 Rd8 29. Rf2 Re7 30. Rxe7 Bxe7 31. Rb2 h5 32. Ba4 Bc8 33. Bc6 Bf5 
34. Bb7 Re8 35. Bxa6 Bd8 36. Bf2 Bc7 37. Bb5 Rf8 38. a6 Bb8 39. Na4 g5 
40. Bc6 Kf7 41. Nc3 Kg6 42. a7 Bxa7 43. Bxa7 g4 44. Bb8 Rd8 45. Bc7 Rh8 
46. Bxd6 Rc8 47. c5 Bd3 48. Rb6 gxf3 49. Kf2 Be4 50. Bxf4 Kf5 51. Nxe4 Kxe4 
52. Rb4+ Kf5 53. Kxf3 Kg6 54. Rb8 Rxb8 55. Bxb8 Kf7 56. Bf4 h4 57. d6 Ke6 
58. Ba4 Nd7 59. c6 Ne5+ 60. Bxe5 Kxe5 61. d7 Kd6 62. d8=Q+ Kc5 63. c7 Kb4 
64. Qd4+ Ka3 65. c8=Q h3 66. Qcc3+ Ka2 67. Qa1# 1-0

[Event "Thursday 05 April Rapid Engine Tour 12+1 Rounds 9 Starts 1600ST"]
[Site "Infinity Chess"]
[Date "2018.4.5"]
[Round "3"]
[White "Time_bandit"]
[Black "localhero"]
[Result "1/2-1/2"]
[ECO "C55"]
[WhiteElo "2429"]
[BlackElo "2434"]
[WhiteEngine "asmFishW_2018-02-02_popcnt"]
[BlackEngine "asmFishW_2017-10-04_popcnt"]
[EventType "Swiss"]
[WhiteTeam ""]
[BlackTeam ""]
[PlyCount "104"]
[TimeControl "720+1"]

1. e4 e5 2. Nf3 Nc6 3. Bc4 Nf6 4. d3 Bc5 5. c3 d6 6. O-O a5 7. Bg5 Ba7 
8. Nbd2 h6 9. Bh4 Qe7 10. Bb5 g5 11. Bg3 O-O 12. Re1 g4 13. Nh4 Nh5 14. Nc4 Qf6 
15. Ne3 Nxg3 16. hxg3 Bxe3 17. Rxe3 Ne7 18. Bc4 Kh7 19. d4 Ng6 20. dxe5 Nxe5 
21. Bd3 Bd7 22. a4 Be6 23. Re1 Kg7 24. Rb1 Rfe8 25. Bc2 Ng6 26. Nxg6 fxg6 
27. f4 gxf3 28. gxf3 g5 29. Rf1 Rf8 30. Qd4 Qxd4+ 31. cxd4 Ra6 32. d5 Bd7 
33. b4 b5 34. Bd3 axb4 35. Bxb5 Bxb5 36. axb5 Ra3 37. Rxb4 Rfxf3 38. Rxf3 Rxf3 
39. Kg2 Rf7 40. b6 cxb6 41. Rxb6 g4 42. Rxd6 Re7 43. e5 Rxe5 44. Kf1 Rf5+ 
45. Ke2 h5 46. Rd8 Rf3 47. d6 Kf7 48. Rh8 Ke6 49. Rh6+ Kd7 50. Rxh5 Kxd6 
51. Rh6+ Ke5 52. Rh5+ Ke4 1/2-1/2

[Event "Thursday 05 April Rapid Engine Tour 12+1 Rounds 9 Starts 1600ST"]
[Site "Infinity Chess"]
[Date "2018.4.5"]
[Round "3"]
[White "Thinker"]
[Black "Mr Aj"]
[Result "1/2-1/2"]
[ECO "C50"]
[WhiteElo "2441"]
[BlackElo "2434"]
[WhiteEngine "BrainFish_180329_x64_modern_CTG"]
[BlackEngine "Houdini 6"]
[EventType "Swiss"]
[WhiteTeam ""]
[BlackTeam ""]
[PlyCount "106"]
[TimeControl "720+1"]

1. e4 e5 2. Nf3 Nc6 3. Bc4 Bc5 4. O-O Nf6 5. d3 d6 6. c3 O-O 7. h3 a5 8. Nbd2 h6 
9. Re1 Be6 10. b3 Bb6 11. a4 d5 12. Bb5 Ne7 13. exd5 Nfxd5 14. Qc2 c6 
15. Bc4 Re8 16. Nxe5 Ng6 17. Nxg6 Qf6 18. Nf4 Qxf4 19. Nf1 Qf6 20. Be3 Bxe3 
21. Bxd5 Bxf2+ 22. Qxf2 Qxf2+ 23. Kxf2 cxd5 24. Nd2 Rac8 25. Rac1 Bf5 
26. d4 Rxe1 27. Kxe1 Re8+ 28. Kf2 Bd3 29. Kf3 Re2 30. Rd1 Re7 31. Rc1 f5 
32. c4 dxc4 33. bxc4 g5 34. Rc3 Be2+ 35. Kf2 Bd1 36. Nb3 f4 37. Nxa5 Re2+ 
38. Kg1 Rb2 39. d5 Bxa4 40. Ra3 Bc2 41. g3 Be4 42. gxf4 gxf4 43. Rb3 Rg2+ 
44. Kf1 Rc2 45. d6 Kf7 46. Nxb7 Bxb7 47. Rxb7+ Ke6 48. d7 Ke7 49. h4 Rxc4 
50. Kf2 Kd8 51. Kg2 Rd4 52. Kf3 Rxd7 53. Rxd7+ Kxd7 1/2-1/2

[Event "Thursday 05 April Rapid Engine Tour 12+1 Rounds 9 Starts 1600ST"]
[Site "Infinity Chess"]
[Date "2018.4.5"]
[Round "3"]
[White "Prometheus"]
[Black "Marsell"]
[Result "1/2-1/2"]
[ECO "C55"]
[WhiteElo "2451"]
[BlackElo "2466"]
[WhiteEngine "Eman 1.70-beta15 64-bit BMI2"]
[BlackEngine "asmFishW_2018-04-02_bmi2"]
[EventType "Swiss"]
[WhiteTeam ""]
[BlackTeam ""]
[PlyCount "67"]
[TimeControl "720+1"]

1. e4 e5 2. Nf3 Nc6 3. Bc4 Nf6 4. d3 Bc5 5. O-O d6 6. c3 O-O 7. Bg5 h6 8. Bh4 a6 
9. b4 Ba7 10. Nbd2 g5 11. Bg3 g4 12. Bh4 Kg7 13. Bb3 gxf3 14. Qxf3 a5 
15. bxa5 Nxa5 16. Rfe1 Nxb3 17. axb3 Qe7 18. d4 Qe6 19. Ra5 exd4 20. cxd4 d5 
21. e5 Ne8 22. Rea1 Bxd4 23. Rxa8 Bxa1 24. Qg3+ Kh7 25. Rxa1 Qg6 26. Qxg6+ fxg6 
27. Bd8 Rf4 28. Ra8 Bd7 29. h4 Kg7 30. Rb8 Bc6 31. Rc8 Bd7 32. Rb8 Bc6 
33. Rc8 Bd7 34. Rb8 1/2-1/2

[Event "Thursday 05 April Rapid Engine Tour 12+1 Rounds 9 Starts 1600ST"]
[Site "Infinity Chess"]
[Date "2018.4.5"]
[Round "3"]
[White "ivrdurant"]
[Black "Deep_Impact"]
[Result "1/2-1/2"]
[ECO "C42"]
[WhiteElo "2467"]
[BlackElo "2461"]
[WhiteEngine "Raubfisch ME262_GTZ16d4"]
[BlackEngine "BrainFish_180404_x64_bmi2"]
[EventType "Swiss"]
[WhiteTeam ""]
[BlackTeam ""]
[PlyCount "106"]
[TimeControl "720+1"]

1. e4 e5 2. Nf3 Nf6 3. Nxe5 d6 4. Nf3 Nxe4 5. d4 d5 6. Bd3 Bd6 7. O-O O-O 
8. Re1 Bf5 9. c4 c6 10. Qc2 Na6 11. a3 Bg6 12. c5 Bb8 13. Nc3 f5 14. Ne2 Bh5 
15. Ng3 Bg6 16. Bd2 Kh8 17. Rad1 Nc7 18. Bf4 Ne6 19. Bxb8 Rxb8 20. Qc1 Qf6 
21. Ne5 Be8 22. Ne2 N4xc5 23. dxc5 Qxe5 24. Ng3 Qf6 25. Bxf5 Nc7 26. Re3 g6 
27. Bh3 Bf7 28. Rf3 Qg7 29. Re1 Bg8 30. Rfe3 Rbe8 31. Rxe8 Nxe8 32. Bc8 Nf6 
33. Bh3 d4 34. Qd2 Rd8 35. b4 b6 36. Rc1 b5 37. Re1 Bc4 38. Nf1 d3 39. Be6 Bxe6 
40. Rxe6 Qf7 41. Re5 Qd7 42. Qg5 Kg7 43. Qe3 Kf7 44. Nd2 Ng4 45. Qf4+ Kg7 
46. Re4 Nf6 47. Qe5 Kf7 48. Re3 Qd4 49. Qe6+ Kg7 50. Qe7+ Kg8 51. Qe6+ Kg7 
52. Qe7+ Kg8 53. Qe6+ Kg7 1/2-1/2

[Event "Thursday 05 April Rapid Engine Tour 12+1 Rounds 9 Starts 1600ST"]
[Site "Infinity Chess"]
[Date "2018.4.5"]
[Round "3"]
[White "hafaba"]
[Black "THE_MACHINE"]
[Result "1/2-1/2"]
[ECO "D30"]
[WhiteElo "2468"]
[BlackElo "2484"]
[WhiteEngine "Eman 1.70-beta15 64-bit POPCNT"]
[BlackEngine "BrainFish_180404_x64_bmi2"]
[EventType "Swiss"]
[WhiteTeam ""]
[BlackTeam ""]
[PlyCount "138"]
[TimeControl "720+1"]

1. d4 d5 2. c4 e6 3. Nf3 Nf6 4. Nc3 dxc4 5. e4 Bb4 6. Bg5 c5 7. Bxc4 cxd4 
8. Nxd4 Bxc3+ 9. bxc3 Qa5 10. Bb5+ Bd7 11. Bxf6 gxf6 12. Qb3 O-O 13. O-O Rd8 
14. a4 a6 15. Be2 Nc6 16. Rfe1 Ne5 17. Bf1 Rab8 18. Re3 Ng6 19. Qa3 Rdc8 
20. Qd6 Qc7 21. Qa3 h5 22. Rb1 h4 23. a5 Qc5 24. Qa1 Kg7 25. Rb3 Bc6 26. Rb4 Qg5 
27. Nf3 Qc5 28. Nd4 Rg8 29. h3 Rbd8 30. Nxc6 Qxc6 31. Qb1 Qc5 32. Rxb7 Qxa5 
33. Qc1 Rb8 34. Ra7 Rb6 35. Qd1 Rgb8 36. e5 Rb1 37. exf6+ Kh6 38. Qd3 Qf5 
39. Qxf5 exf5 40. g3 R8b2 41. Rxf7 Rc1 42. Rc7 Rbb1 43. Re6 Rxf1+ 44. Kg2 Rg1+ 
45. Kf3 Rge1 46. Rxa6 Ne5+ 47. Kf4 Ng6+ 48. Kf3 Rb8 49. Rd6 Rf8 50. Re7 Rc1 
51. f7 Kg7 52. Ree6 Nh8 53. Rd5 Rxf7 54. Ree5 Kg6 55. gxh4 Rxc3+ 56. Kf4 Rh7 
57. Re6+ Kh5 58. Rxf5+ Kxh4 59. Rff6 Rh5 60. Rc6 Ra3 61. Ra6 Rc3 62. Rh6 Nf7 
63. Rxh5+ Kxh5 64. Ra5+ Kg6 65. Ra6+ Kg7 66. Ra7 Rxh3 67. Kg4 Rh7 68. Ra6 Ne5+ 
69. Kg3 Nd3 1/2-1/2

[Event "Thursday 05 April Rapid Engine Tour 12+1 Rounds 9 Starts 1600ST"]
[Site "Infinity Chess"]
[Date "2018.4.5"]
[Round "3"]
[White "Eman"]
[Black "SkyPilot"]
[Result "1/2-1/2"]
[ECO "C65"]
[WhiteElo "2494"]
[BlackElo "2478"]
[WhiteEngine "Eman 1.70-beta15 64-bit POPCNT"]
[BlackEngine "stockfish_x64_bmi2_2018_03_30_CTG"]
[EventType "Swiss"]
[WhiteTeam ""]
[BlackTeam ""]
[PlyCount "141"]
[TimeControl "720+1"]

1. e4 e5 2. Nf3 Nc6 3. Bb5 Nf6 4. O-O Nxe4 5. Re1 Nd6 6. Nxe5 Be7 7. Bf1 O-O 
8. Nf3 Ne8 9. d4 d5 10. c3 Bf5 11. Nbd2 Bd6 12. Nb3 h6 13. Nc5 Bc8 14. g3 Nf6 
15. Nd3 Ne7 16. Bf4 Bf5 17. Be5 Ng6 18. Qb3 Rb8 19. Qa4 a6 20. Bxf6 Qxf6 
21. Re3 c6 22. Rae1 Qd8 23. Qd1 Be4 24. Nd2 Bf5 25. Nc5 Bc8 26. Nf3 Bg4 
27. Nd3 a5 28. Be2 Bf5 29. Nde5 Bxe5 30. Nxe5 Nxe5 31. Rxe5 Qd7 32. Bf3 Rbe8 
33. Qe2 Re6 34. Rxe6 Bxe6 35. h4 Re8 36. a3 b5 37. Qd3 a4 38. Bd1 Bh3 
39. Rxe8+ Qxe8 40. Qe2 Qxe2 41. Bxe2 Bf5 42. Kg2 g5 43. g4 Be4+ 44. Kh2 Kf8 
45. Kg3 Ke7 46. hxg5 hxg5 47. f4 f6 48. fxg5 fxg5 49. Kf2 Kd6 50. Bd1 c5 
51. dxc5+ Kxc5 52. Be2 Bb1 53. Ke3 Bc2 54. Bf3 Kc4 55. Kd2 Be4 56. Be2+ Kc5 
57. Ke3 Bc2 58. Bd3 Bd1 59. Bf5 Kc4 60. Kd2 Bf3 61. Bd7 d4 62. cxd4 Kxd4 
63. Bxb5 Bxg4 64. Bxa4 Bc8 65. Bc6 g4 66. a4 g3 67. Ke1 g2 68. Bxg2 Kd3 
69. Bf3 Kc2 70. a5 Kxb2 71. Kf2 1/2-1/2

[Event "Thursday 05 April Rapid Engine Tour 12+1 Rounds 9 Starts 1600ST"]
[Site "Infinity Chess"]
[Date "2018.4.5"]
[Round "3"]
[White "MarioDeMonti"]
[Black "Brtroy"]
[Result "1/2-1/2"]
[ECO "C53"]
[WhiteElo "2499"]
[BlackElo "2512"]
[WhiteEngine "stockfish_x64_bmi2_2018_02_18_CTG"]
[BlackEngine "Stockfish_18040103_x64_bmi2_CTG"]
[EventType "Swiss"]
[WhiteTeam ""]
[BlackTeam ""]
[PlyCount "92"]
[TimeControl "720+1"]

1. e4 e5 2. Nf3 Nc6 3. Bc4 Bc5 4. c3 Nf6 5. d3 a5 6. O-O d6 7. Re1 O-O 8. h3 h6 
9. Nbd2 Ba7 10. Nf1 Be6 11. Bb5 Ne7 12. Ng3 c6 13. Ba4 b5 14. Bc2 a4 15. d4 Bb8 
16. Be3 Re8 17. Qd2 Ng6 18. b3 Bc7 19. Red1 Qe7 20. bxa4 bxa4 21. c4 d5 
22. exd5 cxd5 23. Bxg6 fxg6 24. Nxe5 dxc4 25. Nxg6 Qa3 26. Bf4 Rac8 27. Rac1 Nd5 
28. Bxc7 Rxc7 29. Qa5 Rcc8 30. Re1 c3 31. Qa6 c2 32. Rxc2 Rxc2 33. Rxe6 Rd8 
34. Re1 Qxa2 35. Qe6+ Kh7 36. Ne5 Nf6 37. Qf5+ Kg8 38. Ng6 a3 39. Ne7+ Kh8 
40. Ng6+ Kh7 41. Ne7+ Kh8 42. Nh5 Nxh5 43. Ng6+ Kh7 44. Ne7+ Kh8 45. Ng6+ Kh7 
46. Ne7+ Kh8 1/2-1/2

[Event "Thursday 05 April Rapid Engine Tour 12+1 Rounds 9 Starts 1600ST"]
[Site "Infinity Chess"]
[Date "2018.4.5"]
[Round "3"]
[White "xeonrocks"]
[Black "Murx"]
[Result "1/2-1/2 "]
[ECO "C42"]
[WhiteElo "2546"]
[BlackElo "2504"]
[WhiteEngine "Stockfish_x64_bmi2_CTG"]
[BlackEngine "BrainFish_180404_x64_modern"]
[EventType "Swiss"]
[WhiteTeam ""]
[BlackTeam ""]
[PlyCount "20"]
[TimeControl "720+1"]

1. e4 e5 2. Nf3 Nf6 3. Nxe5 d6 4. Nf3 Nxe4 5. d4 d5 6. Bd3 Nc6 7. Nbd2 Nd6 
8. c3 Bf5 9. Nf1 Bxd3 10. Qxd3 Qe7+ 1/2-1/2

[Event "Thursday 05 April Rapid Engine Tour 12+1 Rounds 9 Starts 1600ST"]
[Site "Infinity Chess"]
[Date "2018.4.5"]
[Round "2"]
[White "koalachess"]
[Black "angriff"]
[Result "1/2-1/2 "]
[ECO "C53"]
[WhiteElo "2248"]
[BlackElo "2384"]
[WhiteEngine "asmFishW_2017-11-19_popcnt_CTG"]
[BlackEngine "DracoREX 3.07 64BIT POPCNT_CTG"]
[EventType "Swiss"]
[WhiteTeam ""]
[BlackTeam ""]
[PlyCount "109"]
[TimeControl "720+1"]

1. e4 e5 2. Nf3 Nc6 3. Bc4 Bc5 4. c3 Nf6 5. d4 exd4 6. cxd4 Bb4+ 7. Bd2 Nxe4 
8. Bxb4 Nxb4 9. Bxf7+ Kxf7 10. Qb3+ d5 11. Qxb4 Rf8 12. O-O Kg8 13. Nbd2 a5 
14. Qb3 Nxd2 15. Nxd2 a4 16. Qe3 Bg4 17. Qg3 Qd7 18. Rfe1 Rae8 19. b3 Bh5 
20. Rxe8 Rxe8 21. Rc1 a3 22. Nf1 c6 23. b4 Qf7 24. Qxa3 Qf4 25. Ng3 Qd2 
26. b5 cxb5 27. Qc5 b6 28. Qc6 Bg6 29. h4 Qxd4 30. h5 Bf7 31. Nf5 Qd2 
32. h6 Re1+ 33. Rxe1 Qxe1+ 34. Kh2 Qe5+ 35. g3 Be8 36. Qb7 gxh6 37. Nxh6+ Kf8 
38. Qxh7 b4 39. Nf5 Qf6 40. g4 Bf7 41. Qh3 Be6 42. Qf3 Qe5+ 43. Kh3 Qe4 
44. Kg3 Qxf3+ 45. Kxf3 d4 46. Ke4 Bxa2 47. Kxd4 Kf7 48. Nh4 Be6 49. g5 b3 
50. Kc3 Bc4 51. f4 Be6 52. f5 Bxf5 53. Nxf5 Kg6 54. Ne3 Kxg5 55. Kxb3 1/2-1/2

[Event "Thursday 05 April Rapid Engine Tour 12+1 Rounds 9 Starts 1600ST"]
[Site "Infinity Chess"]
[Date "2018.4.5"]
[Round "2"]
[White "Vimtiroba"]
[Black "star99"]
[Result "1/2-1/2"]
[ECO "B23"]
[WhiteElo "2406"]
[BlackElo "2406"]
[WhiteEngine "SF9 ''M24''_CTG"]
[BlackEngine "Cryptic Heroes 9.3B"]
[EventType "Swiss"]
[WhiteTeam ""]
[BlackTeam ""]
[PlyCount "79"]
[TimeControl "720+1"]

1. e4 c5 2. Nc3 d6 3. Nge2 Nf6 4. d4 cxd4 5. Nxd4 Nc6 6. Bg5 e6 7. Qd2 Be7 
8. O-O-O O-O 9. f4 h6 10. Bh4 Nxd4 11. Qxd4 Qa5 12. Bc4 e5 13. fxe5 dxe5 
14. Qd3 Bg4 15. Bxf6 Bxf6 16. Rdf1 Qc5 17. Bd5 Be6 18. Kb1 Rab8 19. Rd1 b5 
20. Rhf1 Rfd8 21. Qf3 b4 22. Na4 Qe7 23. Bxe6 Qxe6 24. b3 Rxd1+ 25. Rxd1 Rd8 
26. c4 bxc3 27. Nxc3 Rxd1+ 28. Qxd1 g6 29. Nd5 Bd8 30. Qc2 Kg7 31. b4 Qa6 
32. a4 Bb6 33. b5 Qa5 34. Qc3 Qxa4 35. Qxe5+ Kh7 36. Nf6+ Kg7 37. Nd7+ Kh7 
38. Nf6+ Kg7 39. Nd5+ Kh7 40. Nf6+ 1/2-1/2

[Event "Thursday 05 April Rapid Engine Tour 12+1 Rounds 9 Starts 1600ST"]
[Site "Infinity Chess"]
[Date "2018.4.5"]
[Round "2"]
[White "KQRBNP"]
[Black "CrapCleaner"]
[Result "1/2-1/2"]
[ECO "C55"]
[WhiteElo "2410"]
[BlackElo "2426"]
[WhiteEngine "Eman 1.70-beta15 64-bit POPCNT"]
[BlackEngine "Raubfisch ME262_GTZ16e2_CTG"]
[EventType "Swiss"]
[WhiteTeam ""]
[BlackTeam ""]
[PlyCount "110"]
[TimeControl "720+1"]

1. e4 e5 2. Nf3 Nc6 3. Bc4 Nf6 4. d3 Bc5 5. c3 d6 6. O-O O-O 7. h3 a6 8. Re1 Ba7 
9. a4 h6 10. Nbd2 Nh5 11. Nf1 Qf6 12. N1h2 Qg6 13. g4 Nf6 14. Nh4 Qh7 
15. N2f3 Be6 16. Bb3 Rad8 17. Bc2 g6 18. d4 Bc8 19. Be3 Qg7 20. a5 exd4 
21. cxd4 d5 22. Qc1 Kh7 23. e5 Ne4 24. Ra3 g5 25. Nd2 Bxd4 26. Nxe4 dxe4 
27. Bxe4+ Kh8 28. Nf3 Bxe5 29. Nxe5 Nxe5 30. Qxc7 f5 31. Qxg7+ Kxg7 32. gxf5 Rf7 
33. Rb3 Bxf5 34. Bxb7 Rb8 35. Bd4 Rbxb7 36. Bxe5+ Kh7 37. Ree3 Rxb3 38. Rxb3 Re7 
39. f4 Kg6 40. Rb6+ Re6 41. Bd6 Bxh3 42. Rxa6 Bf5 43. fxg5 hxg5 44. Rb6 Bd3 
45. Bg3 Rxb6 46. axb6 Be4 47. b3 Bb7 48. b4 Be4 49. Kf2 Bb7 50. b5 Kf7 
51. Ke3 Ke7 52. Kd3 g4 53. Kd4 Bg2 54. Ke3 Ke6 55. b7 Bxb7 1/2-1/2

[Event "Thursday 05 April Rapid Engine Tour 12+1 Rounds 9 Starts 1600ST"]
[Site "Infinity Chess"]
[Date "2018.4.5"]
[Round "2"]
[White "Time_bandit"]
[Black "Mr Aj"]
[Result "1/2-1/2"]
[ECO "C53"]
[WhiteElo "2429"]
[BlackElo "2434"]
[WhiteEngine "asmFishW_2018-02-02_popcnt"]
[BlackEngine "Houdini 6"]
[EventType "Swiss"]
[WhiteTeam ""]
[BlackTeam ""]
[PlyCount "81"]
[TimeControl "720+1"]

1. e4 e5 2. Nf3 Nc6 3. Bc4 Bc5 4. c3 Nf6 5. d3 d6 6. O-O O-O 7. Bg5 h6 8. Bh4 a6 
9. a4 g5 10. Bg3 Kg7 11. Nbd2 Ba7 12. Ba2 g4 13. Nh4 Nh5 14. Nc4 Qg5 
15. Ne3 Bxe3 16. fxe3 Nxg3 17. hxg3 Bd7 18. Kh2 Rab8 19. d4 f6 20. Qd3 Ne7 
21. Bd5 c6 22. Ba2 Rbd8 23. Qc4 Ng6 24. Nf5+ Bxf5 25. Rxf5 Qxe3 26. Qb3 d5 
27. exd5 h5 28. dxc6 h4 29. gxh4 Nxh4 30. Rh5 Nf3+ 31. gxf3 Qf2+ 32. Kh1 Qxf3+ 
33. Kg1 Qe3+ 34. Kf1 Qf4+ 35. Ke2 Qe4+ 36. Kd1 Qd3+ 37. Kc1 Qe3+ 38. Kb1 Qd3+ 
39. Kc1 Qe3+ 40. Kb1 Qd3+ 41. Kc1 1/2-1/2

[Event "Thursday 05 April Rapid Engine Tour 12+1 Rounds 9 Starts 1600ST"]
[Site "Infinity Chess"]
[Date "2018.4.5"]
[Round "2"]
[White "localhero"]
[Black "Thinker"]
[Result "1/2-1/2"]
[ECO "C53"]
[WhiteElo "2434"]
[BlackElo "2441"]
[WhiteEngine "asmFishW_2017-10-04_popcnt"]
[BlackEngine "BrainFish_180329_x64_modern_CTG"]
[EventType "Swiss"]
[WhiteTeam ""]
[BlackTeam ""]
[PlyCount "64"]
[TimeControl "720+1"]

1. e4 e5 2. Nf3 Nc6 3. Bc4 Bc5 4. c3 Nf6 5. d3 O-O 6. O-O d6 7. Bg5 h6 8. Bh4 a5 
9. a4 Be6 10. Nbd2 Qe7 11. Re1 g5 12. Bg3 Ne8 13. Bxe6 fxe6 14. Nc4 Qf7 
15. Qb3 Rb8 16. Rf1 Ng7 17. Qb5 Qe8 18. Rad1 Nh5 19. d4 exd4 20. cxd4 Ba7 
21. Ne3 Rxf3 22. gxf3 Bxd4 23. Ng4 Qg6 24. Kg2 e5 25. Rh1 Kg7 26. Ne3 Kh8 
27. Nf5 Bc5 28. h3 Kh7 29. Qc4 Rf8 30. Qb5 Rb8 31. Qc4 Rf8 32. Qb5 Rb8 1/2-1/2